Map: Dusk Towers

Players

capac - Winner!

  • Race: Terran Terran
  • League: Gold

A.I. 1 (Elite)

  • Race: Protoss Protoss

VOD

Have the link to the VOD?

Description

Time

  • Played on: March 2, 2016, 1:56 p.m.
  • Length: 16:35
Show
View Real Time Build Order
Export as new Build Order

capac Terran - Winner!

Build Orders:  

Get SALT Encoding   

  12  0:01  SCV  
  13  0:13  SCV  
  14  0:18  Supply Depot  
  14  0:25  SCV  
  15  0:39  SCV  
  15  0:40  Barracks  
  16  0:45  Refinery  
  16  0:51  SCV  
  17  1:04  SCV  
  18  1:16  SCV  
  19  1:28  SCV  
  20  1:35  Barracks Reactor  
  20  1:36  Command Center  
  20  1:42  Supply Depot, SCV  
  21  1:58  Orbital Command  
  21  2:13  Marine x2  
  23  2:23  Barracks  
  23  2:24  SCV  
  24  2:33  Marine x2  
  26  2:42  Factory, SCV  
  27  2:50  Orbital Command  
  27  2:55  Refinery  
  27  2:57  Engineering Bay  
  27  2:59  SCV  
  27  3:05  Marine x2  
  30  3:13  Barracks Tech Lab  
  30  3:18  SCV  
  31  3:21  SCV  
  31  3:24  Marine x2  
  34  3:30  Supply Depot  
  34  3:35  SCV  
  34  3:36  SCV  
  36  3:42  Marine x2  
  36  3:43  Marine  
  36  3:45  Factory Tech Lab  
  39  3:51  SCV x2  
  39  3:52  Refinery  
  41  4:00  Marine x2  
  43  4:03  Starport  
  43  4:04  Stimpack  
  43  4:11  Supply Depot  
  43  4:13  Marine  
  43  4:15  Siege Tank  
  47  4:19  SCV  
  47  4:20  SCV  
  49  4:24  Marine x2  
  51  4:31  SCV  
  51  4:32  SCV  
  53  4:42  Medivac  
  55  4:46  SCV x2  
  55  4:48  Marine x3  
  60  4:53  Terran Infantry Weapons Level 1  
  60  4:55  Supply Depot  
  60  5:02  Barracks  
  60  5:04  SCV  
  60  5:06  SCV  
  62  5:16  Marine x2, Siege Tank  
  62  5:17  Supply Depot, Starport Reactor  
  62  5:19  SCV x2  
  69  5:31  Marine, SCV  
  69  5:32  SCV  
  69  5:34  Marine x2  
  74  5:41  Supply Depot  
  74  5:44  SCV x2  
  76  5:54  Armory  
  76  5:56  SCV x2, Medivac  
  80  5:58  Engineering Bay  
  80  6:02  Refinery  
  80  6:13  Siege Tank  
  80  6:14  Marine  
  80  6:15  Marine  
  80  6:16  Barracks Reactor  
  85  6:19  Marine  
  85  6:20  Barracks  
  86  6:26  Barracks  
  86  6:27  Medivac  
  86  6:32  Marine  
  88  6:33  Supply Depot  
  88  6:34  SCV x2  
  91  6:44  Terran Infantry Armor Level 1  
  91  6:51  Siege Tank  
  94  6:56  Terran Infantry Weapons Level 2  
  94  6:59  Command Center  
  94  7:04  Supply Depot  
  94  7:09  Supply Depot  
  94  7:15  Marine x4  
  95  7:17  Liberator, Barracks Reactor x2  
  98  7:29  Marine  
  98  7:33  Supply Depot, Siege Tank  
  98  7:35  Supply Depot  
  105  7:46  Medivac  
  107  7:53  Marine  
  107  7:54  Marine x5  
  107  7:55  Marine  
  107  7:56  Marine  
  107  7:57  Marine  
  116  8:01  Missile Turret  
  116  8:07  Missile Turret  
  116  8:13  Siege Tank  
  116  8:16  Medivac  
  116  8:17  Marine x4, Medivac  
  116  8:18  Marine  
  116  8:19  Marine  
  129  8:37  Refinery  
  129  8:38  Terran Infantry Armor Level 2  
  129  8:39  Refinery  
  129  8:42  Orbital Command  
  129  8:49  Medivac x2  
  133  9:02  Liberator x2  
  132  9:17  Factory, Siege Tank  
  132  9:23  Supply Depot  
  141  9:40  SCV  
  141  9:41  SCV x2  
  144  9:47  Supply Depot  
  144  9:48  Liberator  
  144  9:50  Marine x2  
  144  9:51  Supply Depot, Marine x6  
  144  9:52  Marine, Liberator  
  156  10:10  Supply Depot  
  156  10:11  Supply Depot, Factory Tech Lab  
  159  10:19  Terran Infantry Weapons Level 3  
  159  10:21  SCV  
  159  10:22  SCV x2  
  162  10:31  Liberator  
  162  10:34  Supply Depot, Liberator  
  162  10:37  Marine x5  
  162  10:38  Marine x3  
  162  10:39  Marine  
  171  10:48  Siege Tank x2  
  180  10:55  Terran Infantry Armor Level 3  
  183  10:57  Marine x5  
  183  10:58  Marine  
  183  11:03  SCV x3  
  192  11:22  SCV x3  
  195  11:29  Marine x2  
  197  11:43  Command Center  
  197  12:03  Marine  
  197  12:04  Marine x3  
  197  12:06  Marine  
  189  12:08  Liberator x2  
  155  12:23  Marine x5  
  155  12:24  Marine x3  
  155  12:25  Siege Tank x2  
  175  12:44  Marine x5  
  175  12:45  Marine x2  
  176  13:00  Marine x2  
  176  13:02  Marine x5  
  181  13:28  Marine x2  
  181  13:29  Marine x4  
  181  13:30  Siege Tank x2  
  181  13:31  Medivac x2  
  195  14:07  Marine x4  
  195  14:08  Marine x3  
Show
View Real Time Build Order
Export as new Build Order

A.I. 1 (Elite) Protoss 

Build Orders: 1 Gate Expand 

Get SALT Encoding   

  12  0:01  Probe (Chrono Boost)  
  13  0:11  Probe (Chrono Boost)  
  14  0:19  Pylon  
  14  0:22  Probe (Chrono Boost)  
  15  0:38  Probe (Chrono Boost)  
  16  0:47  Assimilator  
  16  0:48  Probe (Chrono Boost)  
  17  0:50  Gateway  
  17  0:59  Probe (Chrono Boost)  
  17  1:01  Pylon  
  18  1:09  Probe (Chrono Boost)  
  19  1:20  Probe (Chrono Boost)  
  20  1:30  Probe (Chrono Boost)  
  21  1:38  Nexus  
  21  1:41  Probe (Chrono Boost)  
  21  1:43  Zealot  
  24  1:53  Probe (Chrono Boost)  
  25  2:01  Cybernetics Core  
  25  2:12  Gateway  
  25  2:17  Pylon  
  25  2:20  Zealot  
  27  2:26  Probe (Chrono Boost)  
  28  2:32  Warp Gate  
  29  2:37  Probe (Chrono Boost), Assimilator  
  29  2:46  Adept  
  29  2:48  Probe (Chrono Boost)  
  32  2:55  Probe (Chrono Boost)  
  32  2:57  Adept  
  33  3:04  Pylon  
  35  3:07  Probe (Chrono Boost)  
  35  3:11  Adept  
  38  3:21  Probe (Chrono Boost)  
  38  3:23  Stalker  
  38  3:24  Probe (Chrono Boost)  
  42  3:33  Probe (Chrono Boost)  
  43  3:35  Probe (Chrono Boost)  
  43  3:39  Robotics Facility  
  44  3:44  Probe (Chrono Boost)  
  44  3:46  Adept  
  44  3:47  Probe (Chrono Boost)  
  48  3:54  Adept  
  49  3:55  Probe (Chrono Boost)  
  49  3:59  Probe (Chrono Boost)  
  52  4:07  Probe (Chrono Boost)  
  52  4:08  Pylon  
  54  4:10  Probe (Chrono Boost)  
  54  4:18  Probe (Chrono Boost)  
  54  4:20  Stalker  
  54  4:22  Probe (Chrono Boost)  
  58  4:25  Immortal  
  58  4:29  Pylon  
  58  4:30  Probe (Chrono Boost)  
  63  4:33  Probe (Chrono Boost)  
  63  4:35  Stalker  
  66  4:42  Probe (Chrono Boost)  
  66  4:45  Probe (Chrono Boost)  
  68  4:47  Robotics Facility  
  68  4:56  Stalker  
  68  4:59  Probe (Chrono Boost)  
  71  5:01  Probe (Chrono Boost)  
  71  5:02  Immortal  
  71  5:04  Pylon  
  76  5:10  Pylon  
  76  5:15  Stalker  
  78  5:22  Stalker  
  78  5:23  Probe (Chrono Boost)  
  78  5:24  Probe (Chrono Boost)  
  82  5:28  Assimilator  
  82  5:33  Pylon  
  82  5:35  Gateway  
  82  5:36  Sentry  
  82  5:40  Assimilator  
  84  5:47  Zealot  
  86  5:50  Forge  
  86  5:53  Probe (Chrono Boost)  
  86  5:54  Nexus  
  87  5:57  Zealot  
  89  6:05  Zealot  
  89  6:10  Probe (Chrono Boost)  
  93  6:12  Probe (Chrono Boost)  
  93  6:13  Pylon  
  93  6:14  Protoss Ground Weapons Level 1  
  93  6:16  Zealot  
  95  6:21  Probe (Chrono Boost)  
  95  6:24  Zealot  
  98  6:27  Forge  
  98  6:36  Pylon  
  98  6:40  Robotics Bay  
  98  6:45  Sentry  
  100  6:49  Observer  
  100  6:50  Protoss Ground Armor Level 1, Pylon  
  101  6:57  Gateway  
  101  7:07  Probe x2 (Chrono Boost)  
  104  7:09  Probe (Chrono Boost)  
  104  7:15  Pylon, Assimilator  
  104  7:17  Photon Cannon  
  104  7:18  Probe x2 (Chrono Boost)  
  104  7:19  Pylon  
  104  7:20  Probe (Chrono Boost)  
  107  7:24  Immortal  
  107  7:25  Disruptor  
  107  7:29  Probe (Chrono Boost)  
  116  7:30  Probe (Chrono Boost)  
  116  7:31  Probe (Chrono Boost)  
  117  7:39  Photon Cannon  
  117  7:40  Photon Cannon  
  117  7:41  Probe (Chrono Boost)  
  117  7:42  Probe (Chrono Boost)  
  117  7:43  Probe (Chrono Boost)  
  120  7:48  Photon Cannon  
  120  7:51  Pylon  
  120  7:53  Probe x2 (Chrono Boost)  
  120  7:54  Probe (Chrono Boost), Colossus  
  123  7:58  Disruptor  
  123  8:04  Probe (Chrono Boost)  
  133  8:11  Photon Cannon  
  133  8:15  Photon Cannon  
  133  8:28  Pylon  
  133  8:29  Colossus  
  133  8:38  Gateway  
  139  8:42  Twilight Council  
  139  8:44  Protoss Shields Level 1, Warp Prism, Assimilator  
  139  8:45  Nexus  
  141  8:59  Photon Cannon  
  141  9:06  Stalker  
  141  9:08  Probe (Chrono Boost)  
  141  9:09  Adept, Pylon  
  126  9:12  Stalker  
  126  9:15  Stalker  
  130  9:19  Colossus  
  130  9:20  Observer  
  137  9:27  Adept  
  137  9:28  Extended Thermal Lance, Stalker  
  137  9:29  Protoss Ground Weapons Level 2  
  141  9:32  Zealot  
  141  9:34  Stalker  
  145  9:38  Warp Prism  
  145  9:40  Adept  
  149  9:46  Adept  
  151  9:54  Pylon  
  151  9:58  Probe (Chrono Boost)  
  152  10:03  Photon Cannon  
  152  10:06  Colossus, Pylon  
  152  10:10  Immortal  
  158  10:16  Gateway  
  158  10:20  Nexus  
  162  10:28  Photon Cannon  
  162  10:31  Photon Cannon  
  162  10:33  Pylon  
  162  10:37  Protoss Ground Armor Level 2  
  162  10:47  Observer  
  163  10:54  Photon Cannon  
  163  10:56  Photon Cannon  
  163  10:59  Photon Cannon  
  163  11:10  Assimilator  
  163  11:15  Assimilator  
  163  11:35  Stalker, Protoss Ground Weapons Level 3  
  163  11:36  Stalker  
  163  11:38  Stalker  
  169  11:43  Assimilator  
  169  11:44  Pylon  
  169  11:48  Assimilator  
  169  11:53  Photon Cannon  
  169  11:54  Nexus  
  169  11:56  Colossus  
  169  11:57  Colossus  
  169  11:58  Photon Cannon  
  169  12:00  Zealot x3, Stalker  
  183  12:03  Adept  
  183  12:06  Photon Cannon, Stalker  
  175  12:15  Stargate  
  152  12:18  Probe (Chrono Boost)  
  152  12:19  Probe x2 (Chrono Boost), Stalker x3  
  152  12:20  Probe (Chrono Boost)  
  152  12:22  Sentry  
  152  12:24  Stargate  
  152  12:28  Probe (Chrono Boost)  
  144  12:30  Probe x2 (Chrono Boost)  
  144  12:34  Stalker  
  131  12:37  Stalker  
  131  12:41  Stalker  
  130  12:46  Immortal  
  130  12:47  Stalker  
  130  12:48  Disruptor, Adept  
  134  12:51  Probe x2 (Chrono Boost)  
  134  12:54  Probe (Chrono Boost)  
  134  12:56  Stargate, Stalker  
  124  13:00  Stalker  
  124  13:04  Stalker  
  124  13:08  Adept  
  124  13:12  Stalker  
  107  13:16  Stalker  
  107  13:19  Adept  
  102  13:23  Stalker  
  102  13:26  Zealot  
  102  13:27  Stalker  
  87  13:33  Sentry  
  83  13:37  Zealot, Adept  
  81  13:44  Zealot, Stalker  
  81  13:47  Stalker  
  43  14:27  Pylon  
  42  14:34  Probe (Chrono Boost)  
  42  14:35  Probe (Chrono Boost)  
  42  14:36  Zealot  
  42  14:38  Zealot x2  
  49  14:39  Probe (Chrono Boost)  
  14  15:26  Nexus  
  14  15:56  Probe x2 (Chrono Boost), Zealot, Adept  
Tags
 
Add a new tag
Caveats
  • Supply blocks, unpowered buildings, or Contaminate may cause inaccurate times.
  • Supply counts are checked every 10 seconds.